 Dungeon Crawl Stone Soup version 0.31-a0-246-g8cbcc1cb85 (webtiles) character file.

Game seed: 2433455647059898384

23 qw the Shooter (level 2, -3/17 HPs)
             Began as a Gargoyle Hexslinger on July 12, 2023.
             Slain by a worm (8 damage)
             ... on level 1 of the Dungeon.
             The game lasted 00:00:17 (616 turns).

qw the Shooter (Gargoyle Hexslinger)                 Turns: 616, Time: 00:00:17

Health: -3/17      AC:  6    Str: 11    XL:     2   Next: 95%
Magic:  3/3        EV: 11    Int: 13    God:
Gold:   75         SH:  0    Dex: 12    Spells: 2/3 levels left

rFire   . . .        Y - +1 sling
rCold   . . .        (no shield)
rNeg    + . .        d - +0 leather armour
rPois   inf          (no helmet)
rElec   +            (no cloak)
rCorr   .            a - +0 pair of gloves
SInv    .            (no boots)
Will    .....        (no amulet)
Stlth   +            (no ring)
HPRegen 0.22/turn    (no ring)
MPRegen 0.08/turn

%: no passive effects
@: weak-willed
A: sickness immunity, AC +2, negative energy resistance 1, electricity
resistance, torment resistance 1, petrification resistance
a: no special abilities


You were on level 1 of the Dungeon.
You visited 1 branch of the dungeon, and saw 2 of its levels.

You collected 75 gold pieces.


Innate Abilities, Weirdness & Mutations

You are immune to sickness and miasma.
Your stone body is resilient. (AC +2)
You are immune to poison.
You resist negative energy. (rN+)
You are resistant to electric shocks. (rElec)
You are resistant to unholy torment.
You are immune to petrification.


   Skills:
 + Level 1.8 Fighting
 - Level 3.0 Ranged Weapons
 - Level 1.5 Dodging
 - Level 1.0 Spellcasting
 - Level 2.6 Hexes


You had 2 spell levels left.
You knew the following spells:

 Your Spells              Type           Power      Damage    Failure   Level
a - Slow                  Hex            28%        N/A       12%         1

Your spell library contained the following spells:

 Spells                   Type           Power      Damage    Failure   Level
 Inner Flame              Hex/Fire       4%         N/A       54%         3
 Portal Projectile        Hex/Tloc       8%         N/A       54%         3
 Cause Fear               Hex            3%         N/A       77%         4

Inventory:

Hand Weapons
 Y - a +1 sling (weapon)
Armour
 a - a +0 pair of gloves (worn)
 d - a +0 leather armour (worn)

Dungeon Overview and Level Annotations

Branches:
Dungeon (2/15)

Altars:

Shops:
D:1 !


Message History

An adder comes into view.
You shoot a sling bullet. The adder hisses angrily.
The sling bullet hits the bat.
The bat is moderately wounded.
The bat hits you but does no damage.
You shoot a sling bullet. The sling bullet hits the bat.
The bat is severely wounded.
The bat hits you but does no damage.
A giant cockroach comes into view.
The bat hits you but does no damage.
The giant cockroach moves out of view.
You shoot a sling bullet.
The sling bullet closely misses the bat.
The bat misses you. The bat hits you but does no damage.
You shoot a sling bullet. The sling bullet hits the bat!
You kill the bat!
The adder bites you.
You shoot a sling bullet.
The sling bullet closely misses the adder.
The adder misses you.
You shoot a sling bullet.
The sling bullet barely misses the adder.
The adder closely misses you. The adder barely misses you. The worm bites you.
612 ||| STAIRDANCE The adder barely misses you. x2
You climb upwards.
There is a stone staircase leading down here.
Enter note:
Enter note:
Enter note: You shoot a sling bullet.
The sling bullet hits the adder.
The adder is moderately wounded.
The adder closely misses you. The worm bites you.
You shoot a sling bullet.
The sling bullet closely misses the adder.
The adder bites you. The adder bites you but does no damage.
The worm bites you.
You shoot a sling bullet. The sling bullet hits the adder.
The adder is moderately wounded.
The adder closely misses you. The worm bites you!
You die...

#~~~#.......########.......#####.
~~~~#.......# #.................
~~~~.......#####.#.........######
~~~.##.............##........###
~##....%##.###....###%.....#...#
.%.............#### #......###.#
..............#######%.....# #.##
.................w...%.....# #...
##...........###@S.....##### ####
#............##.###^.## #
#..........#......)...# #
#............#..##%#### #
####...........##).# #######
#.........##....## ##......
#.#.....#..#.#..## ##..#####
#.##...###.......## #..##
#.###### ###...#..####.##


You could see a worm and an adder.

Vanquished Creatures
  An endoplasm (D:1)
  3 goblins (D:1)
  3 hobgoblins (D:1)
  4 jackals (D:1)
  5 ball pythons (D:1)
  2 bats
  2 kobolds (D:1)
20 creatures vanquished.

Notes
Turn   | Place    | Note
-------+----------+-------------------------------------------
     0 | D:1      | qw the Gargoyle Hexslinger began the quest for the Orb.
     0 | D:1      | Reached XP level 1. HP: 12/12 MP: 2/2
     0 | D:1      | 0 ||| qw: Version: 0.3-a-52-g30416fa
     0 | D:1      | 0 ||| qw: Game counter: 6304
     0 | D:1      | 0 ||| qw: Melee chars always use a shield: true
     0 | D:1      | 0 ||| qw: God list: Okawaru
     0 | D:1      | 0 ||| qw: Allow faded altars: false
     0 | D:1      | 0 ||| qw: Do Orc after clearing Dungeon:15 true
     0 | D:1      | 0 ||| qw: Do second Lair branch before Depths: true
     0 | D:1      | 0 ||| qw: Lair rune preference: random
     0 | D:1      | 0 ||| qw: Goals: Normal
     0 | D:1      | 0 ||| PLANNING D:1-11
   105 | D:1      | Reached XP level 2. HP: 16/16 MP: 3/3
   109 | D:1      | Found Gocegam's Distillery.
   115 | D:1      | 115 ||| SHOPLISTING potion of curing (39 gold, have 37).
   115 | D:1      | 115 ||| SHOPLISTING potion of heal wounds (65 gold, have
                  | 37).
   115 | D:1      | 115 ||| SHOPLISTING potion of might (52 gold, have 37).
   142 | D:1      | You fall into a shaft and drop 1 floor!
   144 | D:2      | 144 ||| UPGRADING to +0 leather armour.
   154 | D:2      | 154 ||| DROPPING +0 robe.
   155 | D:2      | 155 ||| READING scroll labelled ZEN TEQUKOCHAU.
   156 | D:2      | 156 ||| DROPPING scroll of poison.
   164 | D:2      | 164 ||| STAIRDANCE
   215 | D:1      | Reached skill level 3 in Ranged Weapons
   336 | D:1      | Found a faded altar of an unknown god.
   582 | D:1      | 582 ||| UPGRADING to +0 pair of gloves.
   587 | D:1      | 587 ||| READING scroll labelled CIDA FITRUE.
   588 | D:1      | 588 ||| READING scroll labelled EMYRCH TININTIPP.
   612 | D:2      | 612 ||| STAIRDANCE
   615 | D:1      | HP: 4/17 [worm (1)]
   616 | D:1      | Slain by a worm

Levels and vault maps discovered:
D:1:      dpeg_arrival_shrine, layout_rooms, nicolae_ecumenical_lake_church,
          serial_shops, nicolae_shop_industrial_runoff
D:2:      layout_loops_ring, serial_shops, nicolae_book_shop_shelving,
          serial_aquarium, aquarium_bridge_island_small
          [aquarium_subvault_small_open, aquarium_subvault_wall,
          aquarium_subvault_bridge, aquarium_subvault_window,
          aquarium_subvault_bridge], aquarium_window_fake,
          aquarium_window_corridor_3, aquarium_window_1, aquarium_view_4,
          aquarium_view_2e, aquarium_balcony_5a, aquarium_pool_2

Skill      XL: |  1  2 |
---------------+-------+-----
Ranged Weapons | 3 |  3.0
Fighting       | |  1.8
Dodging        | |  1.5
Spellcasting   | |  1.0
Hexes          | |  2.6

Action                     || total
---------------------------++-------
   Fire: Sling             ||    68
    Use: Scroll            ||     3
 Armour: Robe              ||     5
         Leather armour    ||     7
  Dodge: Dodged            ||    13

Table legend:
 A = Non-vault XP
 B = Vault XP
 C = Vault XP percentage of total XP
 D = Non-vault monster count
 E = Vault monster count
 F = Vault count percentage of total count
                 A         B        C        D         E       F
            +---------+---------+-------+---------+---------+-------
      Total |      33 |       0 |   0.0 |      20 |       0 |   0.0
            +---------+---------+-------+---------+---------+-------
        D:1 |      32 |       0 |   0.0 |      19 |       0 |   0.0
        D:2 |       1 |       0 |   0.0 |       1 |       0 |   0.0
            +---------+---------+-------+---------+---------+-------
